 Dungeon Crawl Stone Soup version 0.20-a0-1127-g1289703 (webtiles) character file.

151 Eptagon the Insei (level 5, -5/39 HPs)
             Began as an Octopode Transmuter on May 18, 2017.
             Slain by an ogre
             ... wielding a +0 giant club
              (15 damage)
             ... on level 3 of the Dungeon.
             The game lasted 00:04:22 (2884 turns).

Eptagon the Insei (Octopode Transmuter)             Turns: 2884, Time: 00:04:23

Health: -5/39      AC: 11    Str: 10    XL:     5   Next: 33%
Magic:  17/27      EV: 10    Int: 16    God:
Gold:   128        SH:  0    Dex: 15    Spells: 3/10 levels left

rFire    x . .     SeeInvis .     - Unarmed
rCold    + + +     Gourm    .   (shield currently unavailable)
rNeg     . . .     Faith    .   (helmet currently unavailable)
rPois    +         Spirit   .   (no amulet)
rElec    .         Reflect  .   k - +6 ring of protection
rCorr    .         Harm     .   j - ring of magical power
MR       .....                  o - +3 ring of dexterity
Stlth    +.........             b - ring of magical power
Regen    0.2/turn               (no ring)
MPRegen  0.2/turn               (no ring)
                                (no ring)
                                (no ring)

@: ice-form, weakened, very slightly contaminated
A: almost no armour, stealthy swim, amphibious, 8 rings, (constrict 8)
a: End Transformation


You were on level 3 of the Dungeon.
You were hungry.
You were a creature of crystalline ice.
You visited 1 branch of the dungeon, and saw 3 of its levels.

You collected 128 gold pieces.

Inventory:

Missiles
 a - 48 arrows
Jewellery
 b - a ring of magical power (on tentacle)
 j - a ring of magical power (right front paw)
 k - a +6 ring of protection (left front paw)
 o - a +3 ring of dexterity (on tentacle)
Scrolls
 d - a scroll of enchant armour {unknown}
 e - a scroll of amnesia {unknown}
 f - 3 scrolls of identify {unknown}
 g - a scroll of noise {unknown}
 h - 2 scrolls of teleportation {unknown}
 p - a scroll of immolation {unknown}
 q - a scroll of fog {unknown}
 r - a scroll of fear {unknown}
Potions
 i - 3 potions of curing {unknown}
 l - a potion of cancellation {unknown}
 m - 2 potions of agility {unknown}
Comestibles
 c - 2 bread rations
 n - 4 fruits
 s - 2 chunks of flesh


   Skills:
 - Level 1.0 Fighting
 - Level 2.0 Dodging
 + Level 4.1 Unarmed Combat
 + Level 3.1 Spellcasting
 + Level 3.5 Transmutations


You had 3 spell levels left.
You knew the following spells:

 Your Spells              Type           Power        Failure   Level  Hunger
a - Beastly Appendage     Tmut           ##....       4%          1    None
i - Ice Form              Ice/Tmut       #.......     65%         4    ####...
z - Sticks to Snakes      Tmut           ##......     7%          2    ##.....


Dungeon Overview and Level Annotations

Branches:
Dungeon (3/15)

Altars:


Innate Abilities, Weirdness & Mutations

You cannot wear most types of armour.
You are very stealthy in the water. (Stealth+)
You are amphibious.
You can wear up to eight rings at the same time.
((You can use your tentacles to constrict eight enemies at once.))
((Your skin changes colour to match your surroundings (Stealth+).))
((Your rubbery body absorbs attacks. (AC +1, EV +1)))


Message History

Confirm with . or Enter, or press ? or * to list all spells.
The spell is very dangerous to cast!
Continue anyway?
You miscast Ice Form.
Strange energies run through your body.
You are feeling hungry.
Casting: Ice Form
Confirm with . or Enter, or press ? or * to list all spells.
The spell is very dangerous to cast!
Continue anyway?
You turn into a creature of crystalline ice.
You hit the ogre but do no damage. The ogre hits you with a giant club!
You completely miss the ogre. The ogre hits you with a giant club!
* * * LOW HITPOINT WARNING * * *
You punch the ogre! You freeze the ogre.
The ogre is heavily wounded.
You punch the ogre! You freeze the ogre.
The ogre is almost dead.
The ogre barely misses you.
You barely miss the ogre.
The ogre is almost dead.
The ogre hits you with a giant club!
You die...

#.........#.######.#
#.........#........#
#.........#.########
#.........#.####
#.......###....# ### #.......#
#.##.# #.. ###.......###.##.#
#.. #...........#.##.# #.#..
#.....OY.........# #.#..
#............)######.#..
#########................##.....
#............................#..
#.....................:...#.###.
#...................#...###.....
#...................#..[[....###
#########......)....#...####[#
#########.###...####.#


You could see an ogre.

Vanquished Creatures
  An orc priest (D:3)
  3 adders (D:2)
  2 oozes
  A worm (D:3)
  A dart slug (D:1)
  A leopard gecko (D:2)
  8 orcs (D:3)
  7 bats
  3 giant cockroaches
  9 hobgoblins
  A quokka (D:2)
  A ball python (D:2)
  6 frilled lizards
  8 goblins
  12 kobolds
  6 rats
70 creatures vanquished.

Notes
Turn   | Place    | Note
-------+----------+-------------------------------------------
     0 | D:1      | Eptagon the Octopode Transmuter began the quest for the Orb.
     0 | D:1      | Reached XP level 1. HP: 13/13 MP: 3/3
   185 | D:1      | Reached XP level 2. HP: 18/18 MP: 5/5
   275 | D:1      | Learned a level 2 spell: Sticks to Snakes
   739 | D:1      | Reached XP level 3. HP: 23/23 MP: 6/6
  1587 | D:2      | Reached XP level 4. HP: 27/28 MP: 7/7
  2154 | D:2      | Found a faded altar of an unknown god.
  2327 | D:3      | Reached skill level 4 in Unarmed Combat
  2327 | D:3      | Reached XP level 5. HP: 28/33 MP: 9/9
  2421 | D:3      | Learned a level 4 spell: Ice Form
  2779 | D:3      | Noticed an ogre
  2884 | D:3      | Slain by an ogre

Vault maps used:
D:1:      roderic_crop_circles_arrival_small
D:2:      chequers_ecumenical_altar_grove
D:3:      first_bread

Skill      XL: |  1  2  3  4 |
---------------+-------------+-----
Transmutations | 3 |  3.5
Unarmed Combat | 4 |  4.1
Spellcasting   | 3 |  3.1
Fighting       | |  1.0
Dodging        | |  2.0

Action                   |  1- 3 |  4- 6 || total
-------------------------+-------+-------++-------
Melee: Unarmed           |    90 |    84 ||   174
       Constrict         |    18 |    22 ||    40
       Tentacles         |    13 |    21 ||    34
 Cast: Ice Form          |       |     1 ||     1
 Stab: Sleeping          |     7 |     1 ||     8
       Distracted        |     1 |       ||     1
  Eat: Chunk             |     2 |     4 ||     6
Armor: Skin              |    15 |    30 ||    45
Dodge: Dodged            |    49 |    40 ||    89
